 Dungeon Crawl Stone Soup version 0.26-a0-597-gb535b0901c (webtiles) character file.

Game seed: 12130550163355426921

239684 HoaS the Wrestler (level 19, -2/172 HPs)
             Began as a Ghoul Gladiator on Aug 27, 2020.
             Was the Champion of Makhleb.
             Slain by an alligator snapping turtle (30 damage)
             ... on level 4 of the Shoals.
             The game lasted 01:16:18 (29072 turns).

HoaS the Wrestler (Ghoul Gladiator)                Turns: 29072, Time: 01:16:19

Health: -2/172     AC: 26    Str: 30    XL:     19   Next: 75%
Magic:  0/18       EV: 17    Int:  5    God:    Makhleb [******]
Gold:   3320       SH:  0    Dex: 14    Spells: 18/18 levels left

rFire    . . .     SeeInvis .     - Unarmed
rCold    + . .     Faith    .   (no shield)
rNeg     + + +     Spirit   +   E - +7 chain mail of Ywkuiqot {Str+2 Slay+2}
rPois    ∞         Reflect  .   Q - +1 helmet
rElec    +         Harm     .   A - +1 cloak {MR+}
rCorr    .                      (no gloves)
MR       +++..                  R - +0 pair of boots of Doomp {rElec Regen+ Str+4 Int+2 Dex+2}
Stlth    ..........             t - amulet of guardian spirit
HPRegen  0.00/turn              d - +4 ring of slaying
MPRegen  0.16/turn              P - ring of protection from magic

@: hasted, quick
A: rotting body, claws 1, cold resistance 1, negative energy resistance 3,
inhibited regeneration, torment resistance, unbreathing
}: 1/15 runes: gossamer
a: Minor Destruction, Lesser Servant of Makhleb, Major Destruction, Greater
Servant of Makhleb, Renounce Religion


You were on level 4 of the Shoals.
You worshipped Makhleb.
Makhleb was exalted by your worship.
You visited 7 branches of the dungeon, and saw 34 of its levels.
You also visited: Ossuary and Ice Cave.

You collected 4675 gold pieces.
You spent 1355 gold pieces at shops.

Inventory:

Missiles
 c - 4 throwing nets (quivered)
 j - 22 javelins
Armour
 A - a +1 cloak of magic resistance (worn)
 E - the +7 chain mail of Ywkuiqot (worn) {Str+2 Slay+2}
   (You found it on level 2 of the Spider Nest)

   It affects your strength (+2).
   It affects your accuracy and damage with ranged weapons and melee attacks
   (+2).
 Q - a +1 helmet (worn)
 R - the +0 pair of boots of Doomp (worn) {rElec Regen+ Str+4 Int+2 Dex+2}
   (You bought it in a shop on level 2 of the Orcish Mines)

   It affects your strength (+4).
   It affects your intelligence (+2).
   It affects your dexterity (+2).
   It insulates you from electricity.
   It increases your rate of regeneration.
Jewellery
 d - a +4 ring of slaying (left claw)
 g - an uncursed ring of see invisible
 k - a +6 ring of strength
 m - a +6 ring of strength
 n - an uncursed ring of protection from fire
 t - an amulet of guardian spirit (around neck)
 C - an uncursed ring of flight
 I - an uncursed ring of protection from cold
 L - a +4 ring of slaying
 O - a +4 ring of protection
 P - a ring of protection from magic (right claw)
Wands
 o - a wand of iceblast (50)
 v - a wand of flame (40)
 w - a wand of polymorph (41)
 x - a wand of paralysis (19)
 y - a wand of disintegration (17)
 B - a wand of random effects (40)
 D - a wand of acid (15)
 H - a wand of digging (24)
Scrolls
 b - a scroll of silence
 e - 9 scrolls of identify
 f - 6 scrolls of fog
 i - 6 scrolls of magic mapping
 p - 4 scrolls of fear
 q - 3 scrolls of blinking
 r - a scroll of acquirement
 u - 16 scrolls of remove curse
 J - 16 scrolls of teleportation
 M - a scroll of summoning
Potions
 a - 5 potions of flight
 h - 3 potions of stabbing
 l - 7 potions of heal wounds
 s - 10 potions of curing
 z - 2 potions of resistance
 F - a potion of haste
 K - 2 potions of invisibility
 S - 3 potions of ambrosia
 T - a potion of might


   Skills:
 + Level 16.1 Fighting
 - Level 1.7 Throwing
 + Level 13.8 Armour
 + Level 14.0 Dodging
 * Level 23.4 Unarmed Combat


You had 18 spell levels left.
You didn't know any spells.
Your spell library contained the following spells:

 Spells                   Type           Power        Failure   Level
 Animate Skeleton         Necr           #.....       87%         1
 Apportation              Tloc           #.....       87%         1
 Corona                   Hex            #......      87%         1
 Freeze                   Ice            #...         87%         1
 Pain                     Necr           #...         87%         1
 Shock                    Conj/Air       #...         87%         1
 Sting                    Tmut/Pois      #...         87%         1
 Summon Small Mammal      Summ           #...         87%         1
 Poisonous Vapours        Pois/Air       #.....       95%         2
 Slow                     Hex            #.......     95%         2
 Swiftness                Air            #.......     95%         2
 Call Canine Familiar     Summ           #.......     99%         3
 Frozen Ramparts          Ice            #.....       99%         3
 Ignite Poison            Fire/Tmut/Pois #.......     99%         3
 Inner Flame              Hex/Fire       #.......     99%         3
 Mephitic Cloud           Conj/Pois/Air  #.......     99%         3
 Ozocubu's Armour         Ice            #.......     99%         3
 Portal Projectile        Hex/Tloc       #.....       99%         3
 Static Discharge         Conj/Air       #.......     99%         3
 Vampiric Draining        Necr           #.........   99%         3
 Airstrike                Air            #.........   100%        4
 Animate Dead             Necr           #.........   100%        4
 Cause Fear               Hex            #.........   100%        4
 Hailstorm                Conj/Ice       #.......     100%        4
 Leda's Liquefaction      Hex/Erth       #.........   100%        4
 Olgreb's Toxic Radiance  Pois           #.......     100%        4
 Petrify                  Tmut/Erth      #.......     100%        4
 Summon Ice Beast         Ice/Summ       #.......     100%        4
 Summon Lightning Spire   Summ/Air       #.......     100%        4
 Agony                    Necr           #.......     100%        5
 Bolt of Magma            Conj/Fire/Erth #.........   100%        5
 Iskenderun's Battlesphe  Conj           #.......     100%        5
 Lightning Bolt           Conj/Air       #.........   100%        5
 Metabolic Englaciation   Hex/Ice        #.........   100%        5
 Silence                  Hex/Air        #.........   100%        5
 Summon Demon             Summ           #.........   100%        5
 Summon Mana Viper        Hex/Summ       #.......     100%        5
 Conjure Ball Lightning   Conj/Air       #.........   100%        6
 Eringya's Noxious Bog    Tmut/Pois      #.........   100%        6
 Freezing Cloud           Conj/Ice/Air   #.........   100%        6
 Iron Shot                Conj/Erth      #.........   100%        6
 Ozocubu's Refrigeration  Ice            #.........   100%        6
 Simulacrum               Ice/Necr       #.........   100%        6
 Malign Gateway           Summ/Tloc      #.........   100%        7
 Orb of Destruction       Conj           #.........   100%        7
 Spellforged Servitor     Conj/Summ      #.........   100%        7
 Tornado                  Air            #.........   100%        9
 Beastly Appendage        Tmut           Unusable     N/A         1
 Wereblood                Tmut           Unusable     N/A         2
 Spider Form              Tmut/Pois      Unusable     N/A         3
 Ice Form                 Ice/Tmut       Unusable     N/A         4
 Blade Hands              Tmut           Unusable     N/A         5
 Hydra Form               Tmut           Unusable     N/A         6

Dungeon Overview and Level Annotations

Branches:
Dungeon (15/15)            Temple (1/1) D:7            Lair (6/6) D:11
 Shoals (4/4) Lair:4       Spider (4/4) Lair:4        Slime (0/5) Lair:5
    Orc (2/2) D:10            Elf (2/3) Orc:2        Vaults (0/5) D:14
 Depths (0/5) D:15        Ossuary (visited)           IceCv (visited)

Altars:
Ashenzari
Cheibriados
Dithmenos
Elyvilon
Fedhas
Gozag
Hepliaklqana
Kikubaaqudgha
Makhleb
Nemelex Xobeh
Okawaru
Qazlal
Ru
Sif Muna
Trog
Uskayaw
Vehumet
Wu Jian
Xom
Yredelemnul
Zin
The Shining One
Beogh

Shops:
D:10 *   D:13 [   D:15 *   Orc:2 [[[=   Elf:2 (


Innate Abilities, Weirdness & Mutations

Your body is rotting away.
You thrive by killing the living.
You are immune to poison.
You have sharp fingernails.
Your flesh is cold resistant. (rC+)
You are immune to negative energy. (rN+++)
You do not regenerate when monsters are visible.
You are immune to unholy pain and torment.
You can survive without breathing.


Message History

The merfolk hits you but does no damage.
Your unstable footing causes you to fumble your attack.
Your unstable footing causes you to fumble your attack.
The snapping turtle bites you!
* * * LOW HITPOINT WARNING * * *
You mangle the snapping turtle!!
The snapping turtle is heavily wounded.
The alligator snapping turtle barely misses you.
The merfolk hits you but does no damage.
Your unstable footing causes you to fumble your attack.
The snapping turtle bites you!
* * * LOW HITPOINT WARNING * * *
You scratch the snapping turtle.
The snapping turtle is heavily wounded.
You eviscerate the snapping turtle!!!
You kill the snapping turtle!
Makhleb accepts your kill.
You feel better. The merfolk barely misses you.
The alligator snapping turtle bites you!!
You die...

. ####
≈..
##≈†##≈≈#
#≈≈@≈≈≈≈#
##t#†#≈##
#≈m≈:≈≈
#.≈#≈#≈≈#
#.≈≈≈≈≈≈#
##.###≈##
### ##


You could see an alligator snapping turtle and a merfolk.

Vanquished Creatures
  Mara (Spider:2)
  Nikola (Spider:2)
  Arachne (Spider:3)
  Rupert (D:13)
  An Ice Fiend (IceCv)
  A deep elf blademaster (Elf:2)
  2 krakens
  Frances (Spider:1)
  Donald (Spider:1)
  Kirke (D:13)
  2 emperor scorpions
  A deep elf sorcerer (Elf:1)
  4 ghost moths
  Louise (Shoals:2)
  An orc warlord (Orc:2)
  2 entropy weavers
  A deep elf demonologist (Elf:1)
  2 deep elf annihilators
  Nessos (D:12)
  5 spark wasps (Spider:4)
  An ettin (Orc:2)
  Snorg (D:10)
  A deep elf high priest (Elf:1)
  3 merfolk impalers
  A great orb of eyes (D:15)
  2 hydras
  Josephine (D:10)
  A rakshasa (D:15)
  Erolcha (D:10)
  Harold (D:10)
  2 ice dragons
  3 merfolk avatars
  An alligator snapping turtle (Shoals:3)
  A satyr (Shoals:3)
  2 merfolk aquamancers
  8 two-headed ogres
  An ogre mage (Orc:2)
  18 dancing weapons
  2 tengu warriors (D:13)
  5 orc high priests (Orc:2)
  Urug (D:10)
  16 deep elf knights
  Sonja (D:13)
  9 sea snakes
  An unseen horror (D:15)
  A glowing orange brain (D:15)
  A harpy (shapeshifter) (D:15)
  14 wolf spider zombies
  11 deep elf archers
  31 wolf spiders
  A harpy (Lair:6)
  21 orb spiders
  10 ugly things
  A necromancer (Spider:2)
  6 orc knights
  4 cyclopes
  A cyclops (shapeshifter) (Elf:2)
  5 manticores
  51 deep elf magi
  6 orc sorcerers
  A salamander (shapeshifter) (D:14)
  11 fauns
  3 moths of wrath (Spider:4)
  An elephant (Lair:5)
  4 water nymphs
  6 black mambas
  Maurice (D:11)
  9 merfolk sirens
  2 torpor snails
  An ice statue (IceCv)
  A gargoyle (D:13)
  4 rime drakes
  9 cane toads
  2 freezing wraiths (IceCv)
  4 anaconda simulacra (IceCv)
  11 komodo dragons
  7 redback zombies (Spider:2)
  2 kobold demonologists
  7 ice devils (IceCv)
  A tengu conjurer (D:15)
  8 demonic crawlers
  A golden dragon simulacrum (IceCv)
  A wind drake (shapeshifter) (D:15)
  39 jumping spiders
  A merfolk (shapeshifter) (D:15)
  10 merfolk
  3 meliai (D:15)
  10 polar bears
  A wolf spider simulacrum (IceCv)
  8 hornets
  7 trolls
  A raiju (shapeshifter) (D:15)
  6 wind drakes
  15 slime creatures
  7 snapping turtles
  A blink frog (shapeshifter) (D:14)
  11 hippogriffs
  3 dream sheep (Shoals:2)
  4 tarantella zombies (Spider:2)
  5 blink frogs (Lair:3)
  A vampire (D:15)
  3 air elementals
  26 tarantellas
  3 shadows
  73 redbacks
  18 yaks
  8 wraiths
  3 fire elementals
  6 water elementals
  4 basilisks
  5 hogs
  4 humans (D:13)
  4 wyverns
  Grum (D:10)
  A death yak simulacrum (IceCv)
  An iron troll simulacrum (IceCv)
  3 harpy simulacra (IceCv)
  2 wargs
  5 hydra simulacra (IceCv)
  11 porcupines
  12 water moccasins
  Duvessa (D:7)
  8 black bears
  A hornet zombie (D:8)
  An ettin simulacrum (IceCv)
  4 eyes of draining
  2 sky beasts
  2 necrophages
  45 orc warriors
  An ice beast (D:12)
  22 ogres
  10 centaurs
  3 phantoms
  23 wolves
  10 crocodiles
  15 bullfrogs
  3 earth elementals
  Dowan (D:7)
  A scorpion (D:11)
  A water moccasin skeleton (D:8)
  34 killer bees
  14 wights
  An electric eel (Spider:1)
  4 crimson imps (D:3)
  6 howler monkeys
  A draconian simulacrum (IceCv)
  6 centaur zombies
  6 centaur skeletons
  38 orc priests
  3 bullfrog skeletons
  8 hounds
  7 jellies
  4 iguanas
  32 orc wizards
  2 polar bear simulacra (IceCv)
  13 worker ants
  4 troll simulacra (IceCv)
  4 centaur simulacra (IceCv)
  A hound zombie (D:5)
  A worker ant zombie (D:8)
  3 gnolls (D:5)
  A howler monkey skeleton (D:7)
  An ogre simulacrum (IceCv)
  18 adders
  3 naga simulacra (IceCv)
  7 white imps
  6 ufetubi
  5 oozes (Lair:5)
  6 adder zombies
  An adder skeleton (D:4)
  A worm (D:4)
  A dart slug (D:1)
  4 leopard geckos
  156 orcs
  5 bats
  5 giant cockroaches
  3 goblins
  4 hobgoblins
  19 jackals
  10 kobolds
  5 quokkas
  3 ball pythons
  4 frilled lizards
  A hobgoblin skeleton (Ossuary)
  A hobgoblin zombie (Ossuary)
  A jackal skeleton (D:5)
  A kobold zombie (Ossuary)
  A leopard gecko skeleton (D:4)
  An orc skeleton (Ossuary)
  An orc zombie (Ossuary)
  A quokka skeleton (D:9)
  10 rats
  7 tentacles
1341 creatures vanquished.

Vanquished Creatures (others)
  A merfolk impaler (Shoals:4)
  A jumping spider (Spider:2)
  A hornet (Spider:4)
  A human (D:13)
  An ufetubus (IceCv)
  18 fungi
  49 plants
  12 tentacles
84 creatures vanquished.

Grand Total: 1425 creatures vanquished

Notes
Turn   | Place    | Note
-------+----------+-------------------------------------------
     0 | D:1      | HoaS the Ghoul Gladiator began the quest for the Orb.
     0 | D:1      | Reached XP level 1. HP: 17/17 MP: 0/0
   115 | D:1      | Reached XP level 2. HP: 24/24 MP: 1/1
   129 | D:1      | Reached skill level 4 in Unarmed Combat
   774 | D:2      | Reached XP level 3. HP: 29/29 MP: 2/2
   825 | D:2      | Found a faded altar of an unknown god.
   851 | D:2      | Reached skill level 5 in Unarmed Combat
  1188 | D:2      | Reached XP level 4. HP: 31/36 MP: 3/3
  1697 | D:3      | Found a glowing golden altar of the Shining One.
  1930 | D:3      | Found a shimmering altar of Xom.
  1941 | D:3      | Reached skill level 6 in Unarmed Combat
  1941 | D:3      | Reached XP level 5. HP: 41/41 MP: 4/4
  1966 | D:3      | Reached skill level 7 in Unarmed Combat
  1966 | D:3      | Reached XP level 6. HP: 46/48 MP: 5/5
  2013 | D:4      | Found a sand-covered staircase.
  2018 | Ossuary  | Entered an ossuary
  2090 | Ossuary  | Reached skill level 8 in Unarmed Combat
  2116 | Ossuary  | Noticed a flying skull
  2116 | Ossuary  | Noticed a wraith
  2148 | Ossuary  | Noticed a flying skull
  2309 | Ossuary  | Reached XP level 7. HP: 41/55 MP: 6/6
  2324 | Ossuary  | Noticed a wraith
  2332 | Ossuary  | Killed a wraith
  2332 | Ossuary  | Reached skill level 9 in Unarmed Combat
  2539 | Ossuary  | Noticed a wraith
  2550 | Ossuary  | Killed a wraith
  3068 | D:4      | Reached skill level 10 in Unarmed Combat
  3071 | D:4      | Reached XP level 8. HP: 55/61 MP: 7/7
  3546 | D:5      | Entered Level 5 of the Dungeon
  3606 | D:5      | Reached skill level 11 in Unarmed Combat
  3870 | D:5      | Found a basalt altar of Yredelemnul.
  3881 | D:5      | Noticed a hippogriff
  3888 | D:5      | Killed a hippogriff
  3888 | D:5      | Reached skill level 12 in Unarmed Combat
  4150 | D:6      | Reached XP level 9. HP: 67/68 MP: 8/8
  4200 | D:6      | Reached skill level 1 in Armour
  5203 | D:7      | Noticed Duvessa
  5203 | D:7      | Noticed Dowan
  5218 | D:7      | Killed Duvessa
  5225 | D:7      | Killed Dowan
  5232 | D:7      | Reached skill level 13 in Unarmed Combat
  5419 | D:7      | Found a staircase to the Ecumenical Temple.
  5496 | Temple   | Entered the Ecumenical Temple
  5582 | Temple   | Became a worshipper of Makhleb the Destroyer
  5640 | D:8      | Reached XP level 10. HP: 80/80 MP: 9/9
  5769 | D:8      | Reached skill level 5 in Fighting
  6056 | D:8      | Found an opulent altar of Gozag.
  6057 | D:8      | Found a glowing golden altar of the Shining One.
  6229 | D:8      | Reached skill level 5 in Dodging
  6545 | D:9      | Reached * piety under Makhleb
  7117 | D:10     | Entered Level 10 of the Dungeon
  7117 | D:10     | Found a white marble altar of Elyvilon.
  7119 | D:10     | Noticed Urug
  7152 | D:10     | Noticed Grum
  7167 | D:10     | Killed Grum
  7167 | D:10     | Reached skill level 14 in Unarmed Combat
  7211 | D:10     | Found a staircase to the Orcish Mines.
  7256 | D:10     | Noticed a deep elf mage
  7268 | D:10     | Killed a deep elf mage
  7289 | D:10     | Reached ** piety under Makhleb
  7289 | D:10     | Reached XP level 11. HP: 76/91 MP: 10/10
  7383 | D:10     | Killed Urug
  7383 | D:10     | Reached skill level 5 in Armour
  7458 | D:10     | Found a huge runed translucent gate.
  7458 | D:10     | Found a huge runed translucent gate.
  7458 | D:10     | Found a huge runed translucent gate.
  7458 | D:10     | Found a huge runed translucent gate.
  7790 | D:10     | Found Huimef's General Store.
  7792 | D:10     | Noticed Harold
  7811 | D:10     | Killed Harold
  7899 | D:10     | Noticed Erolcha
  7907 | D:10     | Killed Erolcha
  8193 | D:10     | Reached skill level 15 in Unarmed Combat
  8204 | D:10     | Reached *** piety under Makhleb
  8289 | D:11     | Reached XP level 12. HP: 101/101 MP: 11/11
  8374 | D:11     | Found a roughly hewn altar of Beogh.
  8426 | D:11     | Reached **** piety under Makhleb
  8663 | D:11     | Found a staircase to the Lair.
  8877 | D:11     | Noticed Maurice
  8883 | D:11     | Killed Maurice
  9032 | Lair:1   | Entered Level 1 of the Lair of Beasts
  9058 | Lair:1   | Reached skill level 16 in Unarmed Combat
  9211 | Lair:1   | Reached ***** piety under Makhleb
  9466 | Lair:1   | Found a hazy altar of Hepliaklqana.
  9466 | Lair:1   | Noticed a four-headed hydra
  9479 | Lair:1   | Killed a four-headed hydra
 10504 | Lair:3   | Reached XP level 13. HP: 85/111 MP: 7/12
 11363 | Lair:4   | Found a hole to the Spider Nest.
 11534 | Lair:4   | Found a staircase to the Shoals.
 11819 | Lair:5   | Reached skill level 17 in Unarmed Combat
 11839 | Lair:5   | Reached skill level 10 in Fighting
 11928 | Lair:5   | Found a staircase to the Slime Pits.
 12250 | Lair:6   | Entered Level 6 of the Lair of Beasts
 12272 | Lair:5   | HP: 3/113 [elephant (9)]
 13085 | Lair:6   | Reached XP level 14. HP: 122/122 MP: 10/13
 13087 | Lair:6   | Identified Dispater's Volume of Summoning
 13137 | Lair:6   | Identified a scroll of acquirement
 13137 | Lair:6   | Acquired 1080 gold pieces
 13773 | D:12     | Noticed Nessos
 13788 | D:12     | Killed Nessos
 13788 | D:12     | Reached skill level 18 in Unarmed Combat
 13813 | D:12     | Reached ****** piety under Makhleb
 13989 | D:12     | Identified the Guide on Toxins
 14373 | Orc:1    | Entered Level 1 of the Orcish Mines
 14373 | Orc:1    | Noticed Josephine
 14379 | D:10     | Killed Josephine
 14427 | Orc:1    | Noticed Snorg
 14459 | D:10     | Killed Snorg
 14787 | Orc:1    | Found a roughly hewn altar of Beogh.
 14845 | Orc:1    | Found a roughly hewn altar of Beogh.
 14944 | Orc:2    | Entered Level 2 of the Orcish Mines
 14997 | Orc:2    | Found a roughly hewn altar of Beogh.
 15077 | Orc:2    | Found Golla's Armour Emporium.
 15080 | Orc:2    | Reached skill level 10 in Dodging
 15102 | Orc:2    | Found Xomn's Antique Armour Shoppe.
 15667 | Orc:2    | Found a staircase to the Elven Halls.
 15803 | Orc:2    | Noticed an orc warlord
 15807 | Orc:2    | Found a roughly hewn altar of Beogh.
 15843 | Orc:2    | Killed an orc warlord
 15843 | Orc:2    | Reached skill level 10 in Armour
 15843 | Orc:2    | Reached XP level 15. HP: 132/132 MP: 11/14
 15910 | Orc:2    | Found Oshoh's Armour Emporium.
 15936 | Orc:2    | Bought the +0 pair of boots of Doomp {rElec Regen+ Str+4
                  | Int+2 Dex+2} for 635 gold pieces
 16105 | Orc:2    | Found Caurisel's Jewellery Shoppe.
 16109 | Orc:2    | Reached skill level 19 in Unarmed Combat
 16580 | Orc:2    | Bought a +2 plate armour of cold resistance for 720 gold
                  | pieces
 16815 | D:13     | Found Etevyfau's Armour Shoppe.
 16826 | D:13     | Got a pair of faintly humming gloves
 16827 | D:13     | Identified the cursed +0 pair of gloves of Temperance
                  | {Rampage rPois rC- Dex+2} (You found it on level 13 of the
                  | Dungeon)
 17082 | D:13     | Noticed Rupert
 17093 | D:13     | Killed Rupert
 17130 | D:13     | Noticed Sonja
 17133 | D:13     | Killed Sonja
 17184 | D:13     | Noticed Kirke
 17212 | D:13     | Killed Kirke
 18148 | D:14     | Found a gate to the Vaults.
 18260 | D:15     | Entered Level 15 of the Dungeon
 18374 | D:15     | Found a staircase to the Depths.
 18573 | D:15     | Found Gozag's Platinum Reserve.
 18630 | D:15     | Found an opulent altar of Gozag.
 18719 | D:15     | Reached XP level 16. HP: 141/141 MP: 15/15
 19350 | Elf:1    | Entered Level 1 of the Elven Halls
 19364 | Elf:1    | Reached skill level 20 in Unarmed Combat
 19521 | Elf:1    | You fall into a shaft and drop 1 floor!
 20844 | Elf:2    | Found a runed translucent gate.
 20851 | Elf:2    | Found a runed translucent gate.
 20853 | Elf:2    | Found a runed translucent gate.
 20903 | Elf:2    | Found Cexon's Weapon Shop.
 21132 | Elf:2    | Reached XP level 17. HP: 144/151 MP: 10/16
 21410 | Elf:2    | Reached skill level 21 in Unarmed Combat
 21598 | Elf:2    | Noticed a deep elf blademaster
 21808 | Elf:2    | Killed a deep elf blademaster
 22342 | Spider:1 | Entered Level 1 of the Spider Nest
 22683 | Spider:1 | Noticed Frances
 22700 | Spider:1 | Killed Frances
 22761 | Spider:1 | Noticed Donald
 22776 | Spider:1 | Killed Donald
 23210 | Spider:2 | Found a frozen archway.
 23287 | IceCv    | Entered an ice cave
 23758 | IceCv    | Noticed an Ice Fiend
 23798 | IceCv    | Killed an Ice Fiend
 23798 | IceCv    | Reached XP level 18. HP: 161/161 MP: 13/17
 24213 | Spider:2 | Got a jewelled chain mail
 24214 | Spider:2 | Identified the +7 chain mail of Ywkuiqot {Str+2 Slay+2}
                  | (You found it on level 2 of the Spider Nest)
 24411 | Spider:3 | Noticed Nikola
 24424 | Spider:2 | Killed Nikola
 24424 | Spider:2 | Reached skill level 22 in Unarmed Combat
 24691 | Spider:3 | Noticed Mara
 24699 | Spider:3 | Noticed HoaS's illusion
 24845 | Spider:3 | Noticed Arachne
 24857 | Spider:3 | Noticed HoaS's illusion
 25015 | Spider:3 | Reached skill level 15 in Fighting
 25109 | Spider:3 | Noticed HoaS's illusion
 25123 | Spider:2 | Killed Mara
 25327 | Spider:3 | Killed Arachne
 25586 | Spider:3 | Found a roughly hewn altar of Beogh.
 25826 | Spider:2 | Identified the Tome of Scorching Transmigration
 25928 | Spider:4 | Entered Level 4 of the Spider Nest
 26441 | Spider:4 | Reached XP level 19. HP: 168/170 MP: 10/18
 26673 | Spider:4 | Got a gossamer rune of Zot
 26707 | Spider:4 | Reached skill level 23 in Unarmed Combat
 27054 | Shoals:1 | Entered Level 1 of the Shoals
 27905 | Shoals:2 | Noticed Louise
 27923 | Shoals:2 | Killed Louise
 27989 | Shoals:2 | Found a sparkling altar of Nemelex Xobeh.
 28869 | Shoals:4 | Entered Level 4 of the Shoals
 29072 | Shoals:4 | Slain by an alligator snapping turtle

Illustrated notes

Levels and vault maps discovered:
D:1:      minmay_arrival_five_plusses, layout_basic
D:2:      layout_basic, chequers_ecumenical_altar_lobes
D:3:      layout_basic, led_xom_imps, kennysheep_cross_room, grunt_ministairs_1,
          nicolae_tso_swordbearing_angel
D:4:      layout_loops_ring, nicolae_ossuary_entry_plus, portal_sewer_entry_a,
          nrook_mini_backslash, hex_large
D:5:      layout_loops_cross, yredelemnul_altar_generic
D:6:      black_bear_nest_1, layout_loops_ring
D:7:      layout_basic, minmay_temple_entry_butterflies, uniq_duvessa
D:8:      layout_gridville, gammafunk_temple_overflow_pools
D:9:      layout_roguey
D:10:     lemuel_bear_cage, layout_basic, basic_altar, serial_shops, shop,
          uniq_harold, uniq_urug, uniq_erolcha, uniq_grum
D:11:     layout_roguey [special_room_orc], grunt_lair_entry_orc_guard_hut,
          uniq_maurice
D:12:     layout_gridville, uniq_nessos
D:13:     layout_loops_corners, serial_shops, shop, uniq_sonja, uniq_rupert,
          uniq_kirke
D:14:     layout_cave_pools, david_vaults_4, nicolae_sextant
D:15:     gammafunk_enter_depths_forms, layout_irregular_city,
          nicolae_gozag_zags_fifth_avenue, minmay_fractal_squares_diagonal_5
Temple:   compressed_dpeg_circular_temple
Lair:1:   layout_regular_city, basic_altar
Lair:2:   layout_regular_city, lemuel_fruit_tree
Lair:3:   layout_cave_shapes
Lair:4:   layout_loops_ring, minmay_shoals_entry_hut, spider_nest_entry_rubble
Lair:5:   layout_gridlike, nicolae_slime_entry_slimehenge
Lair:6:   gammafunk_lair_ancient_temple, layout_cave_pods
Shoals:1: layout_shoals, nicolae_shoals_dead_sea_scrolls
Shoals:2: layout_shoals, lemuel_centaur_altar, uniq_louise
Shoals:3: layout_shoals, nicolae_shoals_kraken_intersection
Shoals:4: shoals_end_grunt_ice, layout_shoals
Spider:1: layout_spider_delve, uniq_frances, uniq_donald
Spider:2: lemuel_spider_zombies, portal_ice_cave_entry_dragon
Spider:3: nicolae_spider_mines_2, uniq_mara, uniq_nikola, uniq_arachne
Spider:4: johnstein_spider_rune_arachne_lair
Orc:1:    layout_diamond_mine, basic_altar, minmay_orc_temple_b, uniq_snorg,
          uniq_josephine
Orc:2:    pubby_orc_utopia
Elf:1:    minmay_elf_arrival_circle, layout_loops_cross, mu_enter_wizlab_3,
          kennysheep_underground_church
Elf:2:    layout_gridlike, serial_shops, nicolae_shop_stone

Skill      XL: |  1  2  3  4  5  6  7  8  9 10 11 12 13 14 15 16 17 18 19 |
---------------+----------------------------------------------------------+-----
Unarmed Combat | 4 5 6 7 8 10 12 13 14 15 16 17 18 19 20 21 22 23 | 23.4
Armour         | 3 4 6 7 8 10 11 12 13 | 13.8
Dodging        | 4 5 7 8 9 10 11 12 13 14 | 14.0
Fighting       | 4 6 7 9 10 11 12 13 14 15 16 | 16.1
Throwing       | |  1.7

Action                   |  1- 3 |  4- 6 |  7- 9 | 10-12 | 13-15 | 16-18 | 19-21 || total
-------------------------+-------+-------+-------+-------+-------+-------+-------++-------
Melee: Unarmed           |    86 |   127 |   318 |   658 |  1168 |  1174 |   413 ||  3944
       Punch             |     1 |     3 |     8 |    38 |   109 |   137 |    41 ||   337
Throw: Throwing net      |       |     1 |       |       |       |       |       ||     1
       Javelin           |       |       |       |       |       |    16 |       ||    16
Evoke: Wand              |       |       |       |       |     9 |       |       ||     9
  Use: Scroll            |     6 |     3 |    11 |    11 |    10 |     6 |     1 ||    48
       Potion            |       |       |       |     1 |     4 |     3 |     5 ||    13
 Stab: Distracted        |       |       |       |       |     1 |       |       ||     1
Armor: Leather armour    |    23 |    22 |    11 |       |       |       |       ||    56
       Scale mail        |       |       |     6 |       |       |       |       ||     6
       Chain mail        |       |       |    78 |       |       |   178 |   254 ||   510
       Plate armour      |       |       |    17 |   342 |   607 |   725 |       ||  1691
Dodge: Dodged            |    72 |    55 |   135 |   249 |   553 |   941 |   394 ||  2399

Table legend: (Time is in decaauts)
 A = Elapsed time spent in this place.
 B = Non-inter-level travel time spent in this place.
 C = Inter-level travel time spent in this place.
 D = Time resting spent in this place.
 E = Time spent auto-exploring this place.
 F = Levels seen in this place.
 G = Mean time per level.
                   A        B        C        D        E       F      G
               +--------+--------+--------+--------+--------+-----+--------+
         Total |  27992 |  26023 |   1969 |   3283 |  16013 |  36 |  777.6 |
       Dungeon |  11332 |  10255 |   1077 |    343 |   7386 |  15 |  755.5 |
        Temple |     95 |     95 |      0 |      0 |     75 |   1 |   95.0 |
          Lair |   4587 |   4215 |    372 |    336 |   3145 |   6 |  764.5 |
        Shoals |   2065 |   2023 |     42 |    131 |   1317 |   4 |  516.2 |
   Spider Nest |   3663 |   3465 |    198 |    819 |   1397 |   4 |  915.8 |
  Orcish Mines |   2428 |   2215 |    213 |    367 |   1183 |   2 | 1214.0 |
   Elven Halls |   2400 |   2335 |     65 |    570 |   1120 |   2 | 1200.0 |
       Ossuary |    821 |    821 |      0 |    556 |    129 |   1 |  821.0 |
      Ice Cave |    597 |    597 |      0 |    160 |    258 |   1 |  597.0 |
               +--------+--------+--------+--------+--------+-----+--------+

Top non-repeatable levels by time:
   Orc:2: 1868 daAuts
   Elf:2: 1389 daAuts
Spider:2: 1324 daAuts
    D:10: 1302 daAuts
   Elf:1: 1010 daAuts
  Lair:4: 953 daAuts
     D:2: 950 daAuts
Spider:4: 910 daAuts
  Lair:6: 889 daAuts
    D:13: 869 daAuts
    D:11: 861 daAuts
     D:8: 823 daAuts
    D:15: 822 daAuts
 Ossuary: 821 daAuts
     D:6: 817 daAuts
